Workbook
Name AAA: #REF!
Name AAA: #REF!
Name AAA: #REF!
Name AAAAA: #REF!
Name AAAAA: #REF!
Name AAAAA: #REF!
Name KKK: #REF!
Name KKK: #REF!
Name KKK: #REF!
Name uuu: #REF!
Name あ１: #REF!
Name あ１: #REF!
Name あ１: #REF!
Name じゃ: #REF!
Name じゃ: #REF!
Name じゃ: #REF!
Name にち: #REF!
Name 一位代価統計: [1]一位代価!$S$1:$U$65536
Name 基礎数値: [1]基礎数値!$A$1:$F$65536
Name 月: #REF!
Name 月: #REF!
Name 月: #REF!
Name 公告内訳: #REF!
Name 公告内訳: #REF!
Name 公告内訳: #REF!
Name 四半期: #REF!
Name 四半期: #REF!
Name 四半期: #REF!
Name 施_庁_備: #REF!
Name 施_庁_備: #REF!
Name 施_庁_備: #REF!
Name 時期: #REF!
Name 時期: #REF!
Name 時期: #REF!
Name 送付書22.4.15: #REF!
Name 送付書22.4.15: #REF!
Name 送付書22.4.15: #REF!
Name 導訓２５: [2]リスト表!$F$3:$F$33
Name 日: #REF!
Name 日: #REF!
Name 日: #REF!
Name 年度: #REF!
Name 年度: #REF!
Name 年度: #REF!
Name 物品区分: #REF!
Name 物品区分: #REF!
Name 物品区分: #REF!
Name 木: #REF!
Name 目: #REF!
Name 目: #REF!
Name 目: #REF!
Name 目の細分: #REF!
Name 目の細分: #REF!
Name 目の細分: #REF!

Sheet 見積書
A1: 見 積 書
A3: 件名リスト一連番号 | C3: ＯＣ１２７
A5: 見積金額￥
D6: （消費税及び地方税を含まない。）
A8: 品 名 | B8: 規 格 | D8: 単位 | E8: 数量 | F8: 単 価 | H8: 金 額
A9: =データ整理後!B2 -> 肩章 | B9: =データ整理後!C2 -> ７２５４９９０４ 部隊当直司令 同等品可 | D9: =データ整理後!D2 -> EA | E9: =データ整理後!E2 -> 1
A10: =データ整理後!B3 -> 肩章 | B10: =データ整理後!C3 -> ７２５４９９０５ 部隊当直副官 同等品可 | D10: =データ整理後!D3 -> EA | E10: =データ整理後!E3 -> 1
A11: =データ整理後!B4 -> アイセーフティ | B11: =データ整理後!C4 -> 品番：Ｎｏ．７５０９００００ 同等品可 | D11: =データ整理後!D4 -> EA | E11: =データ整理後!E4 -> 15
A12: =データ整理後!B5 -> アイセーフティ用レンズ | B12: =データ整理後!C5 -> 品番：Ｎｏ．７５０９１５９９ 同等品可 | D12: =データ整理後!D5 -> EA | E12: =データ整理後!E5 -> 15
A13: =データ整理後!B6 -> 0 | B13: 以 下 余 白 | D13: =データ整理後!D6 -> 0 | E13: =データ整理後!E6 -> 0
A14: =データ整理後!B7 -> 0 | B14: =データ整理後!C7 -> 0 | D14: =データ整理後!D7 -> 0 | E14: =データ整理後!E7 -> 0
A15: =データ整理後!B8 -> 0 | B15: =データ整理後!C8 -> 0 | D15: =データ整理後!D8 -> 0 | E15: =データ整理後!E8 -> 0
A16: =データ整理後!$B$9 -> 0 | B16: =データ整理後!C9 -> 0 | D16: =データ整理後!D9 -> 0 | E16: =データ整理後!E9 -> 0
A17: 合 計
A18: 納入（履行） | B18: 陸上自衛隊久里浜駐屯地 | E18: 納 期 | G18: 46325
A19: 場所 | E19: （履行期限）
A20: 契約保証金 | B20: （免除） | E20: 入札（見積）書有効期間 | G20: =A27 -> 46294
A22: 上記に関して「入札及び契約心得」、「オープンカウンター方式実施要項」及び
A23: 「標準契約書等」の契約条項等を承諾のうえ入札見積いたします。
A24: また、当社（私（個人の場合）、当団体（団体の場合)）は「入札及び契約心得」
A25: に示された暴力団排除に関する誓約事項について誓約いたします。
A27: 46294
A29: 契約担当官
A30: 陸上自衛隊システム通信・サイバー学校
A31: 会計課長 西野 崇 殿
D33: 住 所
D34: 会 社 名
D35: 代表者名
D36: 担当者名
D37: 電話番号

Sheet 下見積依頼
A1: 46280
A4: 見積依頼をお願いした業者各位に対して、下記｢下見積書｣の提出をお願いしております。
A5: これは予定価格（の一部）の資料となるものです。
A6: 不利益となるような取扱いは致しませんので、御協力よろしくお願い致します。
A8: １ 名 称 ： | C8: 肩章 ほか３件
A9: ２ 提 出 期 日 ： | C9: 8.9.29（火）1300まで | E9: （メールまたはＦＡＸ可）
A10: ３ 記入要領等 : | C10: ① 店頭販売価格（税抜き価格）をご記入ください。
C11: ② 単位及び記入箇所に注意してください。
C12: ③ 記入しない欄には、斜線を引くようにして下さい。
C13: ④ 所定の位置に記名（押印）のうえ提出（メールかＦＡＸ）して下さい。
A14: ４ お問合せ先またはＦＡＸ送付先 ： 陸上自衛隊システム通信・サイバー学校会計課契約班 〔担当 小野〕
A15: ０４６－８４１－３３００ 内線２１９
A16: ０４６－８４１－３３００ 内線３６８（ＦＡＸ）
A17: （切り取らないで下さい。）
A18: 下 見 積 書
A19: 陸上自衛隊 | C19: 令和 年 月 日
A20: システム通信・サイバー学校
A21: 契約担当官 殿
A23: 以下のとおり下見積します。
A24: 品 名 | C24: 規 格 | F24: 単位 | G24: 数量 | H24: 単価 | I24: 金 額 | J24: 備 考
B25: =見積書!A9 -> 肩章 | C25: =見積書!B9 -> ７２５４９９０４ 部隊当直司令 同等品可 | F25: =見積書!D9 -> EA | G25: =見積書!E9 -> 1
B26: =見積書!A10 -> 肩章 | C26: =見積書!B10 -> ７２５４９９０５ 部隊当直副官 同等品可 | F26: =見積書!D10 -> EA | G26: =見積書!E10 -> 1
B27: =見積書!A11 -> アイセーフティ | C27: =見積書!B11 -> 品番：Ｎｏ．７５０９００００ 同等品可 | F27: =見積書!D11 -> EA | G27: =見積書!E11 -> 15
B28: =見積書!A12 -> アイセーフティ用レンズ | C28: =見積書!B12 -> 品番：Ｎｏ．７５０９１５９９ 同等品可 | F28: =見積書!D12 -> EA | G28: =見積書!E12 -> 15
B29: =見積書!A13 -> 0 | C29: =見積書!B13 -> 以 下 余 白 | F29: =見積書!D13 -> 0 | G29: =見積書!E13 -> 0
B30: =見積書!A14 -> 0 | C30: =見積書!B14 -> 0 | F30: =見積書!D14 -> 0 | G30: =見積書!E14 -> 0
B31: =見積書!A15 -> 0 | C31: =見積書!B15 -> 0 | F31: =見積書!D15 -> 0 | G31: =見積書!E15 -> 0
B32: =見積書!A16 -> 0 | C32: =見積書!B16 -> 0 | F32: =見積書!D16 -> 0 | G32: =見積書!E16 -> 0
A33: 合 計

Sheet 内訳 (3)
A1: 内 訳 書
A3: 一連番号 | B3: 品 名 | C3: 規 格 | D3: 単位 | E3: 数量 | F3: 単価 | G3: 金額 | H3: カタログ等名
A4: 1 | B4: =データ整理後!B2 -> 肩章 | C4: =データ整理後!C2 -> ７２５４９９０４ 部隊当直司令 同等品可 | D4: =データ整理後!D2 -> EA | E4: =データ整理後!E2 -> 1
A5: 2 | B5: =データ整理後!B3 -> 肩章 | C5: =データ整理後!C3 -> ７２５４９９０５ 部隊当直副官 同等品可 | D5: =データ整理後!D3 -> EA | E5: =データ整理後!E3 -> 1
A6: 3 | B6: =データ整理後!B4 -> アイセーフティ | C6: =データ整理後!C4 -> 品番：Ｎｏ．７５０９００００ 同等品可 | D6: =データ整理後!D4 -> EA | E6: =データ整理後!E4 -> 15
A7: 4 | B7: =データ整理後!B5 -> アイセーフティ用レンズ | C7: =データ整理後!C5 -> 品番：Ｎｏ．７５０９１５９９ 同等品可 | D7: =データ整理後!D5 -> EA | E7: =データ整理後!E5 -> 15
A8: 5 | B8: =データ整理後!B6 -> 0 | C8: =データ整理後!C6 -> 0 | D8: =データ整理後!D6 -> 0 | E8: =データ整理後!E6 -> 0
A9: 6 | B9: =データ整理後!B7 -> 0 | C9: =データ整理後!C7 -> 0 | D9: =データ整理後!D7 -> 0 | E9: =データ整理後!E7 -> 0
A10: 7 | B10: =データ整理後!B8 -> 0 | C10: =データ整理後!C8 -> 0 | D10: =データ整理後!D8 -> 0 | E10: =データ整理後!E8 -> 0
A11: 8 | B11: =データ整理後!B9 -> 0 | C11: =データ整理後!C9 -> 0 | D11: =データ整理後!D9 -> 0 | E11: =データ整理後!E9 -> 0
A12: 9 | B12: =データ整理後!B10 -> 0 | C12: =データ整理後!C10 -> 0 | D12: =データ整理後!D10 -> 0 | E12: =データ整理後!E10 -> 0
A13: 10 | B13: =データ整理後!B11 -> 0 | C13: =データ整理後!C11 -> 0 | D13: =データ整理後!D11 -> 0 | E13: =データ整理後!E11 -> 0
A14: 11 | B14: =データ整理後!B12 -> 0 | C14: =データ整理後!C12 -> 0 | D14: =データ整理後!D12 -> 0 | E14: =データ整理後!E12 -> 0
A15: 12 | B15: =データ整理後!B13 -> 0 | C15: =データ整理後!C13 -> 0 | D15: =データ整理後!D13 -> 0 | E15: =データ整理後!E13 -> 0
... A28: 25 | B28: =データ整理後!B26 -> 0 | C28: =データ整理後!C26 -> 0 | D28: =データ整理後!D26 -> 0 | E28: =データ整理後!E26 -> 0
B29: 合 計 | G29: =SUM(G4:G28) -> 0
A30: 内 訳 書
A32: 一連番号 | B32: 品 名 | C32: 規 格 | D32: 単位 | E32: 数量 | F32: 単価 | G32: 金額 | H32: カタログ等名
A33: 26 | B33: =データ整理後!B27 -> 0 | C33: =データ整理後!C27 -> 0 | D33: =データ整理後!D27 -> 0 | E33: =データ整理後!E27 -> 0
A34: 27 | B34: =データ整理後!B28 -> 0 | C34: =データ整理後!C28 -> 0 | D34: =データ整理後!D28 -> 0 | E34: =データ整理後!E28 -> 0
A35: 28 | B35: =データ整理後!B29 -> 0 | C35: =データ整理後!C29 -> 0 | D35: =データ整理後!D29 -> 0 | E35: =データ整理後!E29 -> 0
A36: 29 | B36: =データ整理後!B30 -> 0 | C36: =データ整理後!C30 -> 0 | D36: =データ整理後!D30 -> 0 | E36: =データ整理後!E30 -> 0
A37: 30 | B37: =データ整理後!B31 -> 0 | C37: =データ整理後!C31 -> 0 | D37: =データ整理後!D31 -> 0 | E37: =データ整理後!E31 -> 0
A38: 31 | B38: =データ整理後!B32 -> 0 | C38: =データ整理後!C32 -> 0 | D38: =データ整理後!D32 -> 0 | E38: =データ整理後!E32 -> 0
A39: 32 | B39: =データ整理後!B33 -> 0 | C39: =データ整理後!C33 -> 0 | D39: =データ整理後!D33 -> 0 | E39: =データ整理後!E33 -> 0
A40: 33 | B40: =データ整理後!B34 -> 0 | C40: =データ整理後!C34 -> 0 | D40: =データ整理後!D34 -> 0 | E40: =データ整理後!E34 -> 0
A41: 34 | B41: =データ整理後!B35 -> 0 | C41: =データ整理後!C35 -> 0 | D41: =データ整理後!D35 -> 0 | E41: =データ整理後!E35 -> 0
A42: 35 | B42: =データ整理後!B36 -> 0 | C42: =データ整理後!C36 -> 0 | D42: =データ整理後!D36 -> 0 | E42: =データ整理後!E36 -> 0
A43: 36 | B43: =データ整理後!B37 -> 0 | C43: =データ整理後!C37 -> 0 | D43: =データ整理後!D37 -> 0 | E43: =データ整理後!E37 -> 0
A44: 37 | B44: =データ整理後!B38 -> 0 | C44: =データ整理後!C38 -> 0 | D44: =データ整理後!D38 -> 0 | E44: =データ整理後!E38 -> 0
... A57: 50 | B57: =データ整理後!B51 -> 0 | C57: =データ整理後!C51 -> 0 | D57: =データ整理後!D51 -> 0 | E57: =データ整理後!E51 -> 0
B58: 小 計
A59: 内 訳 書
A61: 一連番号 | B61: 品 名 | C61: 規 格 | D61: 単位 | E61: 数量 | F61: 単価 | G61: 金額 | H61: カタログ等名
A62: 51 | B62: =データ整理後!B52 -> 0 | C62: =データ整理後!C52 -> 0 | D62: =データ整理後!D52 -> 0 | E62: =データ整理後!E52 -> 0 | H62: JOINTEX
A63: 52 | B63: =データ整理後!B53 -> 0 | C63: =データ整理後!C53 -> 0 | D63: =データ整理後!D53 -> 0 | E63: =データ整理後!E53 -> 0 | H63: JOINTEX
A64: 53 | B64: =データ整理後!B54 -> 0 | C64: =データ整理後!C54 -> 0 | D64: =データ整理後!D54 -> 0 | E64: =データ整理後!E54 -> 0 | H64: JOINTEX
A65: 54 | B65: =データ整理後!B55 -> 0 | C65: =データ整理後!C55 -> 0 | D65: =データ整理後!D55 -> 0 | E65: =データ整理後!E55 -> 0 | H65: JOINTEX
A66: 55 | B66: =データ整理後!B56 -> 0 | C66: =データ整理後!C56 -> 0 | D66: =データ整理後!D56 -> 0 | E66: =データ整理後!E56 -> 0 | H66: JOINTEX
A67: 56 | B67: =データ整理後!B57 -> 0 | C67: =データ整理後!C57 -> 0 | D67: =データ整理後!D57 -> 0 | E67: =データ整理後!E57 -> 0 | H67: JOINTEX
A68: 57 | B68: =データ整理後!B58 -> 0 | C68: =データ整理後!C58 -> 0 | D68: =データ整理後!D58 -> 0 | E68: =データ整理後!E58 -> 0 | H68: JOINTEX
A69: 58 | B69: =データ整理後!B59 -> 0 | C69: =データ整理後!C59 -> 0 | D69: =データ整理後!D59 -> 0 | E69: =データ整理後!E59 -> 0 | G69: =E68*F69 -> 0 | H69: JOINTEX
A70: 59 | B70: =データ整理後!B60 -> 0 | C70: =データ整理後!C60 -> 0 | D70: =データ整理後!D60 -> 0 | E70: =データ整理後!E60 -> 0 | G70: =E69*F70 -> 0 | H70: JOINTEX
A71: 60 | B71: =データ整理後!B61 -> 0 | C71: =データ整理後!C61 -> 0 | D71: =データ整理後!D61 -> 0 | E71: =データ整理後!E61 -> 0 | G71: =E70*F71 -> 0 | H71: JOINTEX
A72: 61 | B72: =データ整理後!B62 -> 0 | C72: =データ整理後!C62 -> 0 | D72: =データ整理後!D62 -> 0 | E72: =データ整理後!E62 -> 0 | G72: =E71*F72 -> 0 | H72: JOINTEX
A73: 62 | B73: =データ整理後!B63 -> 0 | C73: =データ整理後!C63 -> 0 | D73: =データ整理後!D63 -> 0 | E73: =データ整理後!E63 -> 0 | G73: =E72*F73 -> 0 | H73: JOINTEX
A74: 63 | B74: =データ整理後!B64 -> 0 | C74: =データ整理後!C64 -> 0 | D74: =データ整理後!D64 -> 0 | E74: =データ整理後!E64 -> 0 | G74: =E73*F74 -> 0 | H74: JOINTEX
A75: 64 | B75: =データ整理後!B65 -> 0 | C75: =データ整理後!C65 -> 0 | D75: =データ整理後!D65 -> 0 | E75: =データ整理後!E65 -> 0 | G75: =E74*F75 -> 0 | H75: JOINTEX
A76: 65 | B76: =データ整理後!B66 -> 0 | C76: =データ整理後!C66 -> 0 | D76: =データ整理後!D66 -> 0 | E76: =データ整理後!E66 -> 0 | G76: =E75*F76 -> 0 | H76: JOINTEX
A77: 66 | B77: =データ整理後!B67 -> 0 | C77: =データ整理後!C67 -> 0 | D77: =データ整理後!D67 -> 0 | E77: =データ整理後!E67 -> 0 | G77: =E76*F77 -> 0 | H77: サンワサプライ
A78: 67 | B78: =データ整理後!B68 -> 0 | C78: =データ整理後!C68 -> 0 | D78: =データ整理後!D68 -> 0 | E78: =データ整理後!E68 -> 0 | G78: =E77*F78 -> 0 | H78: JOINTEX
A79: 68 | B79: =データ整理後!B69 -> 0 | C79: =データ整理後!C69 -> 0 | D79: =データ整理後!D69 -> 0 | E79: =データ整理後!E69 -> 0 | G79: =E78*F79 -> 0 | H79: JOINTEX
A80: 69 | B80: =データ整理後!B70 -> 0 | C80: =データ整理後!C70 -> 0 | D80: =データ整理後!D70 -> 0 | E80: =データ整理後!E70 -> 0 | G80: =E79*F80 -> 0 | H80: JOINTEX
... A86: 75 | B86: =データ整理後!B76 -> 0 | C86: =データ整理後!C76 -> 0 | D86: =データ整理後!D76 -> 0 | E86: =データ整理後!E76 -> 0 | G86: =E85*F86 -> 0 | H86: JOINTEX
B87: 小計 | G87: =SUM(G62:G86) -> 0
A88: 内 訳 書
A90: 一連番号 | B90: 品 名 | C90: 規 格 | F90: 単価 | G90: 金額 | H90: カタログ等名
A91: 76 | B91: ポリ袋 | C91: １２１－０２４ 品番：Ｂ８１１Ｊ | F91: 1150 | G91: =E90*F91 -> 0 | H91: JOINTEX
A92: 77 | B92: ボックスファイル | C92: ８５４－８７５ 品番：ＦＢ－Ｅ４ | F92: 375 | G92: =E91*F92 -> 0 | H92: JOINTEX
A93: 78 | B93: 用箋挟 | C93: ７０３－８５４ 品番：８３０５ | F93: 1400 | G93: =E92*F93 -> 0 | H93: JOINTEX
A94: 79 | B94: 帳簿 | C94: ５１６６－９０５８ 品番：チ－１５ | F94: 270 | G94: =E93*F94 -> 0 | H94: JOINTEX
A95: 80 | B95: コートハンガー | C95: Ｂ０９２Ｊ８ＤＳＱＹ | F95: 4400 | G95: =E94*F95 -> 0 | H95: JOINTEX
A96: 81 | B96: 多当 | C96: １６０７８ 品番：キ０１８ | F96: 100 | G96: =E95*F96 -> 0 | H96: キスパ
A97: 82 | B97: 多当 | C97: １９６９１ 品番：キ－１１４ | F97: 95 | G97: =E96*F97 -> 0 | H97: キスパ
A98: 83 | B98: 手提袋 | C98: ６２３８４ 品番：００６１３８０２３ | F98: 180 | G98: =E97*F98 -> 0 | H98: キスパ
A99: 84 | B99: カッティングマット | C99: ７１１１６ 品番：１５９Ｂ | F99: 1500 | G99: =E98*F99 -> 0 | H99: キスパ
A100: 85 | B100: のり | C100: ２２６７３ 品番：ＰＴ－ＮＰ | F100: 130 | G100: =E99*F100 -> 0 | H100: キスパ
A101: 86 | B101: テープのり | C101: ４５３１３ 品番：ＰＲ－ＭＳ８．４ | F101: 150 | G101: =E100*F101 -> 0 | H101: キスパ
B102: 以下余白 | H102: JOINTEX
H103: JOINTEX
H104: JOINTEX
H105: JOINTEX
H106: JOINTEX
H107: JOINTEX
H108: JOINTEX
H109: JOINTEX
H110: JOINTEX
H111: JOINTEX
H112: エコール
H113: エコール
B116: 小計 | G116: =SUM(G91:G115) -> 0
B117: 消 費 税
B118: 合 計

Sheet データ貼り付け
A1: 中野シ３科ＣＳ | B1: 肩章 | E1: 1 | F1: 1980 | G1: 中野シ通隊 | H1: 46325 | J1: 42020 | K1: 6 | L1: KXB | M1: 1 | N1: OC | P1: 0 | R1: CYK20260901675935 | S1: 2 | T1: JKK20260914064278 | U1: 1 | V1: HMK20260901142293 | W1: 1 | X1: 3 | Z1: 11 | AA1: 1 | AB1: 1 | AC1: 1 | AD1: 3 | AJ1: ７２５４９９０４ 部隊当直司令 同等品可 | AL1: 1 | AM1: 0
B2: ７２５４９９０４ 部隊当直司令 同等品可 | D2: 補給用（連接外） | E2: EA | F2: 1782 | G2: 中野シ隊３係 平本１曹
A3: 中野シ３科ＣＳ | B3: 肩章 | E3: 1 | F3: 1980 | G3: 中野シ通隊 | H3: 46325 | J3: 42020 | K3: 6 | L3: KXB | M3: 1 | N3: OC | P3: 0 | R3: CYK20260901675935 | S3: 2 | T3: JKK20260914064278 | U3: 1 | V3: HMK20260901142847 | W3: 1 | X3: 3 | Z3: 11 | AA3: 1 | AB3: 1 | AC3: 1 | AD3: 3 | AJ3: ７２５４９９０５ 部隊当直副官 同等品可 | AL3: 1 | AM3: 0
B4: ７２５４９９０５ 部隊当直副官 同等品可 | D4: 補給用（連接外） | E4: EA | F4: 1782 | G4: 中野シ隊３係 平本１曹
A5: 通校警備班ＣＳ | B5: アイセーフティ | C5: Q22|需品｜訓練用品（消耗品） | E5: 15 | F5: 3850 | G5: シ通校 | H5: 46325 | J5: 42020 | K5: 6 | L5: KXB | M5: 1 | N5: OC | P5: 0 | R5: CYK20260828671671 | S5: 2 | T5: JKK20260914064278 | U5: 1 | V5: HMK20260828094604 | W5: 1 | X5: 3 | Z5: 11 | AA5: 15 | AB5: 1 | AC5: 1 | AD5: 3 | AJ5: 品番：Ｎｏ．７５０９００００ 同等品可 | AL5: 1 | AM5: 0
B6: 品番：Ｎｏ．７５０９００００ 同等品可 | D6: 補給用（連接外） | E6: EA | F6: 51975
A7: 通校警備班ＣＳ | B7: アイセーフティ用レンズ | C7: Q22|需品｜訓練用品（消耗品） | E7: 15 | F7: 1430 | G7: シ通校 | H7: 46325 | J7: 42020 | K7: 6 | L7: KXB | M7: 1 | N7: OC | P7: 0 | R7: CYK20260828671671 | S7: 2 | T7: JKK20260914064278 | U7: 1 | V7: HMK20260828096242 | W7: 1 | X7: 3 | Z7: 11 | AA7: 15 | AB7: 1 | AC7: 1 | AD7: 3 | AJ7: 品番：Ｎｏ．７５０９１５９９ 同等品可 | AL7: 1 | AM7: 0
B8: 品番：Ｎｏ．７５０９１５９９ 同等品可 | D8: 補給用（連接外） | E8: EA | F8: 19305
A9: <<<
A10: /1移動>>>

Sheet データ整理後
A1: 品番 | B1: 品名 | C1: 規格 | D1: 単位 | E1: 数量
A2: 1 | B2: =データ貼り付け!$B$1 -> 肩章 | C2: =データ貼り付け!$B$2 -> ７２５４９９０４ 部隊当直司令 同等品可 | D2: =データ貼り付け!$E$2 -> EA | E2: =データ貼り付け!$E$1 -> 1
A3: 2 | B3: =データ貼り付け!$B$3 -> 肩章 | C3: =データ貼り付け!$B$4 -> ７２５４９９０５ 部隊当直副官 同等品可 | D3: =データ貼り付け!$E$4 -> EA | E3: =データ貼り付け!$E$3 -> 1
A4: 3 | B4: =データ貼り付け!$B$5 -> アイセーフティ | C4: =データ貼り付け!$B$6 -> 品番：Ｎｏ．７５０９００００ 同等品可 | D4: =データ貼り付け!$E$6 -> EA | E4: =データ貼り付け!$E$5 -> 15
A5: 4 | B5: =データ貼り付け!$B$7 -> アイセーフティ用レンズ | C5: =データ貼り付け!$B$8 -> 品番：Ｎｏ．７５０９１５９９ 同等品可 | D5: =データ貼り付け!$E$8 -> EA | E5: =データ貼り付け!$E$7 -> 15
A6: 5 | B6: =データ貼り付け!$B$9 -> 0 | C6: =データ貼り付け!$B$10 -> 0 | D6: =データ貼り付け!$E$10 -> 0 | E6: =データ貼り付け!$E$9 -> 0
A7: 6 | B7: =データ貼り付け!$B$11 -> 0 | C7: =データ貼り付け!$B$12 -> 0 | D7: =データ貼り付け!$E$12 -> 0 | E7: =データ貼り付け!$E$11 -> 0
A8: 7 | B8: =データ貼り付け!$B$13 -> 0 | C8: =データ貼り付け!$B$14 -> 0 | D8: =データ貼り付け!$E$14 -> 0 | E8: =データ貼り付け!$E$13 -> 0
A9: 8 | B9: =データ貼り付け!$B$15 -> 0 | C9: =データ貼り付け!$B$16 -> 0 | D9: =データ貼り付け!$E$16 -> 0 | E9: =データ貼り付け!$E$15 -> 0
A10: 9 | B10: =データ貼り付け!$B$17 -> 0 | C10: =データ貼り付け!$B$18 -> 0 | D10: =データ貼り付け!$E$18 -> 0 | E10: =データ貼り付け!$E$17 -> 0
A11: 10 | B11: =データ貼り付け!$B$19 -> 0 | C11: =データ貼り付け!$B$20 -> 0 | D11: =データ貼り付け!$E$20 -> 0 | E11: =データ貼り付け!$E$19 -> 0
A12: 11 | B12: =データ貼り付け!$B$21 -> 0 | C12: =データ貼り付け!$B$22 -> 0 | D12: =データ貼り付け!$E$22 -> 0 | E12: =データ貼り付け!$E$21 -> 0
A13: 12 | B13: =データ貼り付け!$B$23 -> 0 | C13: =データ貼り付け!$B$24 -> 0 | D13: =データ貼り付け!$E$24 -> 0 | E13: =データ貼り付け!$E$23 -> 0
A14: 13 | B14: =データ貼り付け!$B$25 -> 0 | C14: =データ貼り付け!$B$26 -> 0 | D14: =データ貼り付け!$E$26 -> 0 | E14: =データ貼り付け!$E$25 -> 0
A15: 14 | B15: =データ貼り付け!$B$27 -> 0 | C15: =データ貼り付け!$B$28 -> 0 | D15: =データ貼り付け!$E$28 -> 0 | E15: =データ貼り付け!$E$27 -> 0
A16: 15 | B16: =データ貼り付け!$B$29 -> 0 | C16: =データ貼り付け!$B$30 -> 0 | D16: =データ貼り付け!$E$30 -> 0 | E16: =データ貼り付け!$E$29 -> 0
A17: 16 | B17: =データ貼り付け!$B$31 -> 0 | C17: =データ貼り付け!$B$32 -> 0 | D17: =データ貼り付け!$E$32 -> 0 | E17: =データ貼り付け!$E$31 -> 0
A18: 17 | B18: =データ貼り付け!$B$33 -> 0 | C18: =データ貼り付け!$B$34 -> 0 | D18: =データ貼り付け!$E$34 -> 0 | E18: =データ貼り付け!$E$33 -> 0
A19: 18 | B19: =データ貼り付け!$B$35 -> 0 | C19: =データ貼り付け!$B$36 -> 0 | D19: =データ貼り付け!$E$36 -> 0 | E19: =データ貼り付け!$E$35 -> 0
A20: 19 | B20: =データ貼り付け!$B$37 -> 0 | C20: =データ貼り付け!$B$38 -> 0 | D20: =データ貼り付け!$E$38 -> 0 | E20: =データ貼り付け!$E$37 -> 0
A21: 20 | B21: =データ貼り付け!$B$39 -> 0 | C21: =データ貼り付け!$B$40 -> 0 | D21: =データ貼り付け!$E$40 -> 0 | E21: =データ貼り付け!$E$39 -> 0
A22: 21 | B22: =データ貼り付け!$B$41 -> 0 | C22: =データ貼り付け!$B$42 -> 0 | D22: =データ貼り付け!$E$42 -> 0 | E22: =データ貼り付け!$E$41 -> 0
A23: 22 | B23: =データ貼り付け!$B$43 -> 0 | C23: =データ貼り付け!$B$44 -> 0 | D23: =データ貼り付け!$E$44 -> 0 | E23: =データ貼り付け!$E$43 -> 0
A24: 23 | B24: =データ貼り付け!$B$45 -> 0 | C24: =データ貼り付け!$B$46 -> 0 | D24: =データ貼り付け!$E$46 -> 0 | E24: =データ貼り付け!$E$45 -> 0
A25: 24 | B25: =データ貼り付け!$B$47 -> 0 | C25: =データ貼り付け!$B$48 -> 0 | D25: =データ貼り付け!$E$48 -> 0 | E25: =データ貼り付け!$E$47 -> 0
A26: 25 | B26: =データ貼り付け!$B$49 -> 0 | C26: =データ貼り付け!$B$50 -> 0 | D26: =データ貼り付け!$E$50 -> 0 | E26: =データ貼り付け!$E$49 -> 0
A27: 26 | B27: =データ貼り付け!$B$51 -> 0 | C27: =データ貼り付け!$B$52 -> 0 | D27: =データ貼り付け!$E$52 -> 0 | E27: =データ貼り付け!$E$51 -> 0
A28: 27 | B28: =データ貼り付け!$B$53 -> 0 | C28: =データ貼り付け!$B$54 -> 0 | D28: =データ貼り付け!$E$54 -> 0 | E28: =データ貼り付け!$E$53 -> 0
A29: 28 | B29: =データ貼り付け!$B$55 -> 0 | C29: =データ貼り付け!$B$56 -> 0 | D29: =データ貼り付け!$E$56 -> 0 | E29: =データ貼り付け!$E$55 -> 0
A30: 29 | B30: =データ貼り付け!$B$57 -> 0 | C30: =データ貼り付け!$B$58 -> 0 | D30: =データ貼り付け!$E$58 -> 0 | E30: =データ貼り付け!$E$57 -> 0
A31: 30 | B31: =データ貼り付け!$B$59 -> 0 | C31: =データ貼り付け!$B$60 -> 0 | D31: =データ貼り付け!$E$60 -> 0 | E31: =データ貼り付け!$E$59 -> 0
A32: 31 | B32: =データ貼り付け!$B$61 -> 0 | C32: =データ貼り付け!$B$62 -> 0 | D32: =データ貼り付け!$E$62 -> 0 | E32: =データ貼り付け!$E$61 -> 0
A33: 32 | B33: =データ貼り付け!$B$63 -> 0 | C33: =データ貼り付け!$B$64 -> 0 | D33: =データ貼り付け!$E$64 -> 0 | E33: =データ貼り付け!$E$63 -> 0
A34: 33 | B34: =データ貼り付け!$B$65 -> 0 | C34: =データ貼り付け!$B$66 -> 0 | D34: =データ貼り付け!$E$66 -> 0 | E34: =データ貼り付け!$E$65 -> 0
A35: 34 | B35: =データ貼り付け!$B$67 -> 0 | C35: =データ貼り付け!$B$68 -> 0 | D35: =データ貼り付け!$E$68 -> 0 | E35: =データ貼り付け!$E$67 -> 0
A36: 35 | B36: =データ貼り付け!$B$69 -> 0 | C36: =データ貼り付け!$B$70 -> 0 | D36: =データ貼り付け!$E$70 -> 0 | E36: =データ貼り付け!$E$69 -> 0
A37: 36 | B37: =データ貼り付け!$B$71 -> 0 | C37: =データ貼り付け!$B$72 -> 0 | D37: =データ貼り付け!$E$72 -> 0 | E37: =データ貼り付け!$E$71 -> 0
A38: 37 | B38: =データ貼り付け!$B$73 -> 0 | C38: =データ貼り付け!$B$74 -> 0 | D38: =データ貼り付け!$E$74 -> 0 | E38: =データ貼り付け!$E$73 -> 0
A39: 38 | B39: =データ貼り付け!$B$75 -> 0 | C39: =データ貼り付け!$B$76 -> 0 | D39: =データ貼り付け!$E$76 -> 0 | E39: =データ貼り付け!$E$75 -> 0
A40: 39 | B40: =データ貼り付け!$B$77 -> 0 | C40: =データ貼り付け!$B$78 -> 0 | D40: =データ貼り付け!$E$78 -> 0 | E40: =データ貼り付け!$E$77 -> 0
A41: 40 | B41: =データ貼り付け!$B$79 -> 0 | C41: =データ貼り付け!$B$80 -> 0 | D41: =データ貼り付け!$E$80 -> 0 | E41: =データ貼り付け!$E$79 -> 0
A42: 41 | B42: =データ貼り付け!$B$81 -> 0 | C42: =データ貼り付け!$B$82 -> 0 | D42: =データ貼り付け!$E$82 -> 0 | E42: =データ貼り付け!$E$81 -> 0
A43: 42 | B43: =データ貼り付け!$B$83 -> 0 | C43: =データ貼り付け!$B$84 -> 0 | D43: =データ貼り付け!$E$84 -> 0 | E43: =データ貼り付け!$E$83 -> 0
A44: 43 | B44: =データ貼り付け!$B$85 -> 0 | C44: =データ貼り付け!$B$86 -> 0 | D44: =データ貼り付け!$E$86 -> 0 | E44: =データ貼り付け!$E$85 -> 0
A45: 44 | B45: =データ貼り付け!$B$87 -> 0 | C45: =データ貼り付け!$B$88 -> 0 | D45: =データ貼り付け!$E$88 -> 0 | E45: =データ貼り付け!$E$87 -> 0
A46: 45 | B46: =データ貼り付け!$B$89 -> 0 | C46: =データ貼り付け!$B$90 -> 0 | D46: =データ貼り付け!$E$90 -> 0 | E46: =データ貼り付け!$E$89 -> 0
A47: 46 | B47: =データ貼り付け!$B$91 -> 0 | C47: =データ貼り付け!$B$92 -> 0 | D47: =データ貼り付け!$E$92 -> 0 | E47: =データ貼り付け!$E$91 -> 0
A48: 47 | B48: =データ貼り付け!$B$93 -> 0 | C48: =データ貼り付け!$B$94 -> 0 | D48: =データ貼り付け!$E$94 -> 0 | E48: =データ貼り付け!$E$93 -> 0
A49: 48 | B49: =データ貼り付け!$B$95 -> 0 | C49: =データ貼り付け!$B$96 -> 0 | D49: =データ貼り付け!$E$96 -> 0 | E49: =データ貼り付け!$E$95 -> 0
A50: 49 | B50: =データ貼り付け!$B$97 -> 0 | C50: =データ貼り付け!$B$98 -> 0 | D50: =データ貼り付け!$E$98 -> 0 | E50: =データ貼り付け!$E$97 -> 0
A51: 50 | B51: =データ貼り付け!$B$99 -> 0 | C51: =データ貼り付け!$B$100 -> 0 | D51: =データ貼り付け!$E$100 -> 0 | E51: =データ貼り付け!$E$99 -> 0
A52: 51 | B52: =データ貼り付け!$B$101 -> 0 | C52: =データ貼り付け!$B$102 -> 0 | D52: =データ貼り付け!$E$102 -> 0 | E52: =データ貼り付け!$E$101 -> 0
A53: 52 | B53: =データ貼り付け!$B$103 -> 0 | C53: =データ貼り付け!$B$104 -> 0 | D53: =データ貼り付け!$E$104 -> 0 | E53: =データ貼り付け!$E$103 -> 0
A54: 53 | B54: =データ貼り付け!$B$105 -> 0 | C54: =データ貼り付け!$B$106 -> 0 | D54: =データ貼り付け!$E$106 -> 0 | E54: =データ貼り付け!$E$105 -> 0
A55: 54 | B55: =データ貼り付け!$B$107 -> 0 | C55: =データ貼り付け!$B$108 -> 0 | D55: =データ貼り付け!$E$108 -> 0 | E55: =データ貼り付け!$E$107 -> 0
A56: 55 | B56: =データ貼り付け!$B$109 -> 0 | C56: =データ貼り付け!$B$110 -> 0 | D56: =データ貼り付け!$E$110 -> 0 | E56: =データ貼り付け!$E$109 -> 0
A57: 56 | B57: =データ貼り付け!$B$111 -> 0 | C57: =データ貼り付け!$B$112 -> 0 | D57: =データ貼り付け!$E$112 -> 0 | E57: =データ貼り付け!$E$111 -> 0
A58: 57 | B58: =データ貼り付け!$B$113 -> 0 | C58: =データ貼り付け!$B$114 -> 0 | D58: =データ貼り付け!$E$114 -> 0 | E58: =データ貼り付け!$E$113 -> 0
A59: 58 | B59: =データ貼り付け!$B$115 -> 0 | C59: =データ貼り付け!$B$116 -> 0 | D59: =データ貼り付け!$E$116 -> 0 | E59: =データ貼り付け!$E$115 -> 0
A60: 59 | B60: =データ貼り付け!$B$117 -> 0 | C60: =データ貼り付け!$B$118 -> 0 | D60: =データ貼り付け!$E$118 -> 0 | E60: =データ貼り付け!$E$117 -> 0
A61: 60 | B61: =データ貼り付け!$B$119 -> 0 | C61: =データ貼り付け!$B$120 -> 0 | D61: =データ貼り付け!$E$120 -> 0 | E61: =データ貼り付け!$E$119 -> 0
A62: 61 | B62: =データ貼り付け!$B$121 -> 0 | C62: =データ貼り付け!$B$122 -> 0 | D62: =データ貼り付け!$E$122 -> 0 | E62: =データ貼り付け!$E$121 -> 0
A63: 62 | B63: =データ貼り付け!$B$123 -> 0 | C63: =データ貼り付け!$B$124 -> 0 | D63: =データ貼り付け!$E$124 -> 0 | E63: =データ貼り付け!$E$123 -> 0
A64: 63 | B64: =データ貼り付け!$B$125 -> 0 | C64: =データ貼り付け!$B$126 -> 0 | D64: =データ貼り付け!$E$126 -> 0 | E64: =データ貼り付け!$E$125 -> 0
A65: 64 | B65: =データ貼り付け!$B$127 -> 0 | C65: =データ貼り付け!$B$128 -> 0 | D65: =データ貼り付け!$E$128 -> 0 | E65: =データ貼り付け!$E$127 -> 0
A66: 65 | B66: =データ貼り付け!$B$129 -> 0 | C66: =データ貼り付け!$B$130 -> 0 | D66: =データ貼り付け!$E$130 -> 0 | E66: =データ貼り付け!$E$129 -> 0
A67: 66 | B67: =データ貼り付け!$B$131 -> 0 | C67: =データ貼り付け!$B$132 -> 0 | D67: =データ貼り付け!$E$132 -> 0 | E67: =データ貼り付け!$E$131 -> 0
A68: 67 | B68: =データ貼り付け!$B$133 -> 0 | C68: =データ貼り付け!$B$134 -> 0 | D68: =データ貼り付け!$E$134 -> 0 | E68: =データ貼り付け!$E$133 -> 0
A69: 68 | B69: =データ貼り付け!$B$135 -> 0 | C69: =データ貼り付け!$B$136 -> 0 | D69: =データ貼り付け!$E$136 -> 0 | E69: =データ貼り付け!$E$135 -> 0
A70: 69 | B70: =データ貼り付け!$B$137 -> 0 | C70: =データ貼り付け!$B$138 -> 0 | D70: =データ貼り付け!$E$138 -> 0 | E70: =データ貼り付け!$E$137 -> 0
A71: 70 | B71: =データ貼り付け!$B$139 -> 0 | C71: =データ貼り付け!$B$140 -> 0 | D71: =データ貼り付け!$E$140 -> 0 | E71: =データ貼り付け!$E$139 -> 0
A72: 71 | B72: =データ貼り付け!$B$141 -> 0 | C72: =データ貼り付け!$B$142 -> 0 | D72: =データ貼り付け!$E$142 -> 0 | E72: =データ貼り付け!$E$141 -> 0
A73: 72 | B73: =データ貼り付け!$B$143 -> 0 | C73: =データ貼り付け!$B$144 -> 0 | D73: =データ貼り付け!$E$144 -> 0 | E73: =データ貼り付け!$E$143 -> 0
A74: 73 | B74: =データ貼り付け!$B$145 -> 0 | C74: =データ貼り付け!$B$146 -> 0 | D74: =データ貼り付け!$E$146 -> 0 | E74: =データ貼り付け!$E$145 -> 0
A75: 74 | B75: =データ貼り付け!$B$147 -> 0 | C75: =データ貼り付け!$B$148 -> 0 | D75: =データ貼り付け!$E$148 -> 0 | E75: =データ貼り付け!$E$147 -> 0
A76: 75 | B76: =データ貼り付け!$B$149 -> 0 | C76: =データ貼り付け!$B$150 -> 0 | D76: =データ貼り付け!$E$150 -> 0 | E76: =データ貼り付け!$E$149 -> 0
A77: 76 | B77: =データ貼り付け!$B$151 -> 0 | C77: =データ貼り付け!$B$152 -> 0 | D77: =データ貼り付け!$E$152 -> 0 | E77: =データ貼り付け!$E$151 -> 0
A78: 77 | B78: =データ貼り付け!$B$153 -> 0 | C78: =データ貼り付け!$B$154 -> 0 | D78: =データ貼り付け!$E$154 -> 0 | E78: =データ貼り付け!$E$153 -> 0
A79: 78 | B79: =データ貼り付け!$B$155 -> 0 | C79: =データ貼り付け!$B$156 -> 0 | D79: =データ貼り付け!$E$156 -> 0 | E79: =データ貼り付け!$E$155 -> 0
A80: 79 | B80: =データ貼り付け!$B$157 -> 0 | C80: =データ貼り付け!$B$158 -> 0 | D80: =データ貼り付け!$E$158 -> 0 | E80: =データ貼り付け!$E$157 -> 0
A81: 80 | B81: =データ貼り付け!$B$159 -> 0 | C81: =データ貼り付け!$B$160 -> 0 | D81: =データ貼り付け!$E$160 -> 0 | E81: =データ貼り付け!$E$159 -> 0
A82: 81 | B82: =データ貼り付け!$B$161 -> 0 | C82: =データ貼り付け!$B$162 -> 0 | D82: =データ貼り付け!$E$162 -> 0 | E82: =データ貼り付け!$E$161 -> 0
A83: 82 | B83: =データ貼り付け!$B$163 -> 0 | C83: =データ貼り付け!$B$164 -> 0 | D83: =データ貼り付け!$E$164 -> 0 | E83: =データ貼り付け!$E$163 -> 0
A84: 83 | B84: =データ貼り付け!$B$165 -> 0 | C84: =データ貼り付け!$B$166 -> 0 | D84: =データ貼り付け!$E$166 -> 0 | E84: =データ貼り付け!$E$165 -> 0
A85: 84 | B85: =データ貼り付け!$B$167 -> 0 | C85: =データ貼り付け!$B$168 -> 0 | D85: =データ貼り付け!$E$168 -> 0 | E85: =データ貼り付け!$E$167 -> 0
A86: 85 | B86: =データ貼り付け!$B$169 -> 0 | C86: =データ貼り付け!$B$170 -> 0 | D86: =データ貼り付け!$E$170 -> 0 | E86: =データ貼り付け!$E$169 -> 0
A87: 86 | B87: =データ貼り付け!$B$171 -> 0 | C87: =データ貼り付け!$B$172 -> 0 | D87: =データ貼り付け!$E$172 -> 0 | E87: =データ貼り付け!$E$171 -> 0
A88: 87 | B88: =データ貼り付け!$B$173 -> 0 | C88: =データ貼り付け!$B$174 -> 0 | D88: =データ貼り付け!$E$174 -> 0 | E88: =データ貼り付け!$E$173 -> 0
A89: 88 | B89: =データ貼り付け!$B$175 -> 0 | C89: =データ貼り付け!$B$176 -> 0 | D89: =データ貼り付け!$E$176 -> 0 | E89: =データ貼り付け!$E$175 -> 0
A90: 89 | B90: =データ貼り付け!$B$177 -> 0 | C90: =データ貼り付け!$B$178 -> 0 | D90: =データ貼り付け!$E$178 -> 0 | E90: =データ貼り付け!$E$177 -> 0
A91: 90 | B91: =データ貼り付け!$B$179 -> 0 | C91: =データ貼り付け!$B$180 -> 0 | D91: =データ貼り付け!$E$180 -> 0 | E91: =データ貼り付け!$E$179 -> 0
A92: 91 | B92: =データ貼り付け!$B$181 -> 0 | C92: =データ貼り付け!$B$182 -> 0 | D92: =データ貼り付け!$E$182 -> 0 | E92: =データ貼り付け!$E$181 -> 0
A93: 92 | B93: =データ貼り付け!$B$183 -> 0 | C93: =データ貼り付け!$B$184 -> 0 | D93: =データ貼り付け!$E$184 -> 0 | E93: =データ貼り付け!$E$183 -> 0
A94: 93 | B94: =データ貼り付け!$B$185 -> 0 | C94: =データ貼り付け!$B$186 -> 0 | D94: =データ貼り付け!$E$186 -> 0 | E94: =データ貼り付け!$E$185 -> 0
A95: 94 | B95: =データ貼り付け!$B$187 -> 0 | C95: =データ貼り付け!$B$188 -> 0 | D95: =データ貼り付け!$E$188 -> 0 | E95: =データ貼り付け!$E$187 -> 0
A96: 95 | B96: =データ貼り付け!$B$189 -> 0 | C96: =データ貼り付け!$B$190 -> 0 | D96: =データ貼り付け!$E$190 -> 0 | E96: =データ貼り付け!$E$189 -> 0
A97: 96 | B97: =データ貼り付け!$B$191 -> 0 | C97: =データ貼り付け!$B$192 -> 0 | D97: =データ貼り付け!$E$192 -> 0 | E97: =データ貼り付け!$E$191 -> 0
A98: 97 | B98: =データ貼り付け!$B$193 -> 0 | C98: =データ貼り付け!$B$194 -> 0 | D98: =データ貼り付け!$E$194 -> 0 | E98: =データ貼り付け!$E$193 -> 0
A99: 98 | B99: =データ貼り付け!$B$195 -> 0 | C99: =データ貼り付け!$B$196 -> 0 | D99: =データ貼り付け!$E$196 -> 0 | E99: =データ貼り付け!$E$195 -> 0
A100: 99 | B100: =データ貼り付け!$B$197 -> 0 | C100: =データ貼り付け!$B$198 -> 0 | D100: =データ貼り付け!$E$198 -> 0 | E100: =データ貼り付け!$E$197 -> 0
...
